 Dungeon Crawl Stone Soup version 0.26.0-10-g1f06aea511 (webtiles) character file.

Game seed: 12052998536357406473

171 Arum the Skirmisher (level 5, -1/47 HPs)
             Began as a Ghoul Monk on Jan 20, 2021.
             Killed from afar by Natasha (6 damage)
             ... with a magic dart
             ... on level 2 of the Dungeon.
             The game lasted 00:01:50 (1274 turns).

Arum the Skirmisher (Ghoul Monk)                    Turns: 1274, Time: 00:01:50

Health: -1/47      AC:  5    Str: 16    XL:     5   Next: 51%
Magic:  4/4        EV: 12    Int:  1    God:
Gold:   59         SH:  0    Dex: 11    Spells: 4/4 levels left

rFire    . . .     SeeInvis .     - Unarmed
rCold    + . .     Faith    .   (no shield)
rNeg     + + +     Spirit   .   b - +0 ring mail
rPois    ∞         Reflect  .   (no helmet)
rElec    .         Harm     .   (no cloak)
rCorr    .         Rampage  .   (no gloves)
Will     .....                  (no boots)
Stlth    +.........             (no amulet)
HPRegen  0.00/turn              k - -4 ring of intelligence (curse)
MPRegen  0.09/turn              (no ring)

@: no status effects
A: claws 1, cold resistance 1, negative energy resistance 3, inhibited
regeneration, torment resistance, unbreathing
a: no special abilities


You were on level 2 of the Dungeon.
You visited 1 branch of the dungeon, and saw 2 of its levels.

You collected 59 gold pieces.

Inventory:

Missiles
 h - a throwing net (quivered)
Armour
 b - a +0 ring mail (worn)
Jewellery
 k - a cursed -4 ring of intelligence (left claw)
Scrolls
 c - a scroll of enchant armour {unknown}
 f - a scroll of identify {unknown}
 g - a scroll of blinking {unknown}
 j - a scroll of enchant weapon {unknown}
 l - a scroll of fog {unknown}
Potions
 a - a potion of heal wounds {unknown}
 d - 2 potions of lignification {unknown}
 e - a potion of mutation {unknown}
 i - a potion of ambrosia {unknown}


   Skills:
 + Level 4.7 Fighting
 + Level 3.8 Dodging
 - Level 2.1 Stealth
 + Level 4.6 Unarmed Combat


You had 4 spell levels left.
You didn't know any spells.
Your spell library was empty.

Dungeon Overview and Level Annotations

Branches:
Dungeon (2/15)

Altars:

Annotations:
D:2 Natasha


Innate Abilities, Weirdness & Mutations

You thrive by killing the living.
You are immune to poison.
You have sharp fingernails.
Your flesh is cold resistant. (rC+)
You are immune to negative energy. (rN+++)
You do not regenerate when monsters are visible.
You are immune to unholy pain and torment.
You can survive without breathing.


Message History

The bat completely misses you. The hobgoblin hits you with a +0 club.
* * * LOW HITPOINT WARNING * * *
Natasha claws you but does no damage. Natasha closely misses you.
The hobgoblin hits you but does no damage.
You scratch the hobgoblin.
You kill the hobgoblin!
The bat misses you.
The crimson imp hits you but does no damage.
Natasha casts a spell.
Unknown command.
You barely miss Natasha. Your claw misses Natasha.
Natasha is severely wounded.
The bat barely misses you. The crimson imp closely misses you.
Unknown command.
You barely miss Natasha.
Natasha is severely wounded.
The bat closely misses you. Natasha casts a spell at you.
The magic dart hits you.
You die...

...................##.##
........................
#........###.####..#.##
##........# #... ......
..........# ###.# #..#..
#.....5.# .# #..#..
#.......# # #.....
#...†h..# #<....
#...†@5.# .#####.#.
#...b)#### ..........
#..... .#.###.#.# #.....
#.#.# ###... #.#†. #...
#.##. #... #.... ####
####. #.


You could see Natasha, a crimson imp (summoned), a shadow imp (summoned) and a
bat.

Vanquished Creatures
  A howler monkey (D:2)
  Natasha (D:2)
  5 adders (D:2)
  An ooze (D:2)
  2 worms (D:2)
  3 dart slugs
  A leopard gecko (D:1)
  4 giant cockroaches
  6 goblins
  7 hobgoblins
  7 kobolds
  A ball python (D:2)
  5 bats (D:1)
  3 frilled lizards
  2 rats (D:1)
49 creatures vanquished.

Notes
Turn   | Place    | Note
-------+----------+-------------------------------------------
     0 | D:1      | Arum the Ghoul Monk began the quest for the Orb.
     0 | D:1      | Reached XP level 1. HP: 19/19 MP: 0/0
   171 | D:1      | Reached XP level 2. HP: 26/26 MP: 1/1
   472 | D:1      | Reached XP level 3. HP: 33/33 MP: 2/2
   893 | D:2      | Reached XP level 4. HP: 31/40 MP: 3/3
  1250 | D:2      | Reached XP level 5. HP: 27/47 MP: 4/4
  1251 | D:2      | Noticed Natasha
  1258 | D:2      | Killed Natasha
  1265 | D:2      | Noticed Natasha
  1274 | D:2      | Killed from afar by Natasha

Illustrated notes

Levels and vault maps discovered:
D:1:      lemuel_arrival_river_ford, layout_basic, kennysheep_boxes
D:2:      layout_basic, lemuel_crystal_altar, minmay_pentomino_t2,
          uniq_crazy_yiuf_cottage, uniq_natasha

Skill      XL: |  1  2  3 |
---------------+----------+-----
Dodging        | 3 |  3.8
Fighting       | 4 |  4.7
Unarmed Combat | 4 |  4.6
Stealth        | |  2.1

Action                   |  1- 3 |  4- 6 || total
-------------------------+-------+-------++-------
Melee: Unarmed           |   103 |    87 ||   190
       Punch             |     1 |     3 ||     4
Armor: Ring mail         |    35 |    53 ||    88
Dodge: Dodged            |    61 |    75 ||   136
